 Dungeon Crawl Stone Soup version 0.29-a0-334-gb41bcbb86e (webtiles) character file.

Game seed: 14816146284336780061

43 Lynx22330 the Ruffian (level 3, -12/31 HPs)
             Began as a Naga Transmuter on Apr 13, 2022.
             Engulfed by a cloud of flame (28 damage)
             ... on level 2 of the Dungeon.
             The game lasted 00:06:42 (1975 turns).

Lynx22330 the Ruffian (Naga Transmuter)             Turns: 1975, Time: 00:06:43

Health: -12/31     AC:  2    Str: 14    XL:     3   Next: 58%
Magic:  6/6        EV: 14    Int: 13    God:
Gold:   81         SH:  0    Dex: 11    Spells: 3/6 levels left

rFire   . . .      SeeInvis +   c - +1 dagger (speed)
rCold   . . .      Faith    .   (no shield)
rNeg    . . .      Spirit   .   a - +0 robe
rPois   +          Reflect  .   (no helmet)
rElec   .          Harm     .   (no cloak)
rCorr   .          Rampage  .   (no gloves)
Will    .....                   (no barding)
Stlth   +.........              (no amulet)
HPRegen 0.10/turn               i - +4 ring of evasion
MPRegen 0.10/turn               (no ring)

@: very slow
A: AC +1, large, see invisible, deformed body, poison resistance, slowness 2,
spit poison 1, naga tail 1
a: Spit Poison


You were on level 2 of the Dungeon.
You visited 1 branch of the dungeon, and saw 2 of its levels.

You collected 81 gold pieces.

Inventory:

Hand Weapons
 c - a +1 dagger of speed (weapon)
Armour
 a - a +0 robe (worn)
Jewellery
 i - a +4 ring of evasion (left hand)
Scrolls
 b - a scroll of summoning {unknown}
 e - 2 scrolls of magic mapping {unknown}
 g - a scroll of teleportation {unknown}
 j - a scroll of immolation {unknown}
 l - a scroll of blinking {unknown}
Potions
 d - a potion of haste {unknown}
 f - a potion of flight
 h - 3 potions of curing {unknown}
 k - a potion of might {unknown}


   Skills:
 * Level 1.5 Fighting
 + Level 0.4 Short Blades
 * Level 2.1 Dodging
 * Level 3.2 Unarmed Combat
 * Level 2.3 Spellcasting
 + Level 2.3 Transmutations


You had 3 spell levels left.
You knew the following spells:

 Your Spells              Type           Power      Damage    Failure   Level
a - Beastly Appendage     Tmut           14%        N/A       10%         1
b - Wereblood             Tmut           7%         N/A       14%         2

Your spell library contained the following spells:

 Spells                   Type           Power      Damage    Failure   Level
 Foxfire                  Conj/Fire      4%         2x1d4     24%         1
 Spider Form              Tmut/Pois      4%         N/A       43%         3
 Conjure Flame            Conj/Fire      1%         6-21      58%         3
 Inner Flame              Hex/Fire       1%         N/A       58%         3
 Ozocubu's Armour         Ice            1%         N/A       58%         3
 Ice Form                 Ice/Tmut       4%         N/A       83%         4
 Cause Fear               Hex            0%         N/A       94%         4
 Flame Wave               Conj/Fire      1%         2d4       94%         4
 Passage of Golubria      Tloc           1%         N/A       94%         4
 Metabolic Englaciation   Hex/Ice        0%         N/A       100%        5
 Silence                  Hex/Air        0%         N/A       100%        5
 Simulacrum               Ice/Necr       0%         N/A       100%        6
 Discord                  Hex            0%         N/A       100%        8
 Lehudib's Crystal Spear  Conj/Erth      0%         10d2      100%        8


Dungeon Overview and Level Annotations

Branches:
Dungeon (2/15)

Altars:


Innate Abilities, Weirdness & Mutations

Your serpentine skin is tough. (AC +1)
You have supernaturally acute eyesight. (SInv)
Armour fits poorly on your strangely shaped body.
Your system is resistant to poisons. (rPois)
You cover ground very slowly.
You can spit poison.
You have a snake-like lower body.


Message History

You hit the adder.
You kill the adder!
Found 6 gold pieces.
The rat bites you but does no damage. The rat misses you.
You hit the rat.
The rat is severely wounded.
You hit the rat.
You kill the rat!
Found a lumpy ruby potion.
Found a book of the Moon.
Your horns disappear.
You pick up a book of the Moon and begin reading...
You add the spells Passage of Golubria, Silence and Lehudib's Crystal Spear to your library.
You now have 71 gold pieces (gained 6).
k - a lumpy ruby potion Unknown command.
Memorise Wereblood, consuming 2 spell levels and leaving 3?
You start memorising the spell.
You continue memorising. x2
You finish memorising.
Spell assigned to 'b'.
Casting: Beastly Appendage (safe; 10% risk of failure)
Confirm with . or Enter, or press ? or * to list all spells.
Your blood is infused with primal strength.
Your primal bloodlust is almost over.
Found a stone staircase leading up.
Your primal bloodlust has ended.
Found a spear.
Found a stone staircase leading down.
There is a stone staircase leading down here.
You now have 81 gold pieces (gained 10).
l - a scroll labelled SUQECZ KISE
h - 2 white potions (gained 1) You're in a travel-excluded area, stopping explore.
You're in a travel-excluded area, stopping explore.
h - 3 white potions (gained 1)
There are no items here.
Really slither into that cloud of flame?
Okay, then.
You are engulfed in blazing flames.
You are engulfed in blazing flames.
Ouch! That really hurt!
You die...

#.# #.<.......# #.#
#...######### #.# #☼§§#
#.# #○○§# #.######.#
#..§#
#........#####...#####
########..§°○.$....§☼.##
#..§○○.$....§☼..#####
##.§@☼.$.?.§.§.......
######...########### ☼§#
§


There were no monsters in sight!

Vanquished Creatures
  2 adders (D:2)
  An endoplasm (D:1)
  A giant cockroach (D:1)
  A goblin (D:2)
  4 jackals (D:1)
  A quokka (D:1)
  5 ball pythons
  3 bats
  A frilled lizard (D:2)
  3 kobolds
  5 rats
27 creatures vanquished.

Notes
Turn   | Place    | Note
-------+----------+-------------------------------------------
     0 | D:1      | Lynx22330 the Naga Transmuter began the quest for the Orb.
     0 | D:1      | Reached XP level 1. HP: 18/18 MP: 3/3
   455 | D:1      | Reached XP level 2. HP: 25/25 MP: 3/5
  1243 | D:2      | Reached XP level 3. HP: 8/31 MP: 4/6
  1731 | D:2      | Learned a level 2 spell: Wereblood
  1975 | D:2      | Engulfed by a cloud of flame

Illustrated notes

Levels and vault maps discovered:
D:1:      ebering_trefoil_twist, layout_basic
D:2:      layout_loops_ring, lemuel_flame_loot_1, uniq_crazy_yiuf_cottage

Skill      XL: |  1  2 |
---------------+-------+-----
Dodging        | 2 |  2.1
Fighting       | |  1.5
Short Blades   | |  0.4
Unarmed Combat | |  3.2
Spellcasting   | |  2.3
Transmutations | |  2.3

Action                   || total
-------------------------++-------
Melee: Dagger            ||    51
       Unarmed           ||     1
       Punch             ||     1
       Headbutt          ||     4
 Cast: Beastly Appendage ||     8
       Wereblood         ||     1
 Abil: Spit Poison       ||    20
  Use: Scroll            ||     3
       Potion            ||     1
Armor: Robe              ||     6
       Skin              ||     1
Dodge: Dodged            ||    23

Table legend: (Time is in decaauts)
 A = Elapsed time spent in this place.
 B = Non-inter-level travel time spent in this place.
 C = Inter-level travel time spent in this place.
 D = Time resting spent in this place.
 E = Time spent auto-exploring this place.
 F = Levels seen in this place.
 G = Mean time per level.
                   A        B        C        D        E       F      G
               +--------+--------+--------+--------+--------+-----+--------+
         Total |   2435 |   2375 |     60 |      0 |   2106 |   2 | 1217.5 |
       Dungeon |   2435 |   2375 |     60 |      0 |   2106 |   2 | 1217.5 |
               +--------+--------+--------+--------+--------+-----+--------+

Top non-repeatable levels by time:
     D:1: 1460 daAuts
     D:2: 975 daAuts
